 Dungeon Crawl Stone Soup version 0.24.0-37-gcf1ca852f1 (webtiles) character file.

Game seed: 11248221679458056912, levelgen mode: deterministic

103110 Gruesph the Thaumaturge (level 15, -3/145 HPs)
             Began as a Deep Elf Fire Elementalist on Nov 26, 2019.
             Was a High Priest of Vehumet.
             Slain by an entropy weaver (8 damage)
             ... on level 2 of the Spider Nest on Nov 27, 2019.
             The game lasted 03:26:31 (41800 turns).

Gruesph the Thaumaturge (DEFE)                     Turns: 41800, Time: 03:26:31

Health: -3/145     AC: 19    Str:  9    XL:     15   Next: 88%
Magic:  17/35      EV:  2    Int: 27    God:    Vehumet [*****.]
Gold:   1808       SH:  5    Dex: 15    Spells: 4/42 levels left

rFire    . . .     SeeInvis .   a - +8 dagger (elec)
rCold    . . .     Gourm    .   E - +0 buckler
rNeg     + + +     Faith    +   (armour currently unavailable)
rPois    +         Spirit   .   (helmet currently unavailable)
rElec    .         Reflect  .   (cloak currently unavailable)
rCorr    .         Harm     .   (gloves currently unavailable)
MR       ++...     NoTele   +   (boots currently unavailable)
Stlth    ++........             q - amulet of faith
HPRegen  0.34/turn              Z - ring "Dyoj Ysike" {+Fly MR+ Str+4}
MPRegen  0.24/turn              H - ring of poison resistance

@: tree-form, corroded, hasted, very quick
A: no striking features
a: Renounce Religion


You were on level 2 of the Spider Nest.
You worshipped Vehumet.
Vehumet was extremely pleased with you.
You were not hungry.
You were a tree.
You visited 5 branches of the dungeon, and saw 26 of its levels.

You collected 2298 gold pieces.
You spent 490 gold pieces at shops.

Inventory:

Hand Weapons
 a - a +8 dagger of electrocution (weapon)
 b - the +5 hunting sling of the Dark Horse {velocity, rElec}
   (You bought it in a shop on level 2 of the Orcish Mines)

   Any stone fired from it inflicts extra damage.
   It insulates you from electricity.
Missiles
 n - 179 sling bullets
Armour
 e - a +2 helmet of intelligence (melded)
 k - a +0 pair of boots (melded)
 z - a +1 pair of gloves (melded)
 D - a +2 troll leather armour (melded) {Snorg}
 E - a +0 buckler (worn)
 L - the +0 cloak "Uxkalecu" (melded) {Str+3 Int+2}
   (You found it on level 9 of the Dungeon)

   It affects your strength (+3).
   It affects your intelligence (+2).
Magical Staves
 w - an uncursed staff of power
Jewellery
 j - a +3 amulet of reflection {unknown}
 q - an amulet of faith (around neck)
 x - an uncursed amulet of the acrobat {unknown}
 H - a ring of poison resistance (right branch)
 Z - the ring "Dyoj Ysike" (left branch) {+Fly MR+ Str+4}
   (You found it on level 4 of the Lair of Beasts)

   [ring of protection from magic]

   It affects your strength (+4).
   It affects your resistance to hostile enchantments.
   It lets you fly.
Wands
 l - a wand of disintegration (14)
 t - a wand of digging (2)
 u - a wand of acid (6)
 y - a wand of flame (21)
 M - a wand of iceblast (4)
 N - a wand of scattershot (7)
Scrolls
 i - a scroll of identify
 r - 10 scrolls of remove curse
 v - 4 scrolls of teleportation
 B - 2 scrolls of enchant armour
 C - 6 scrolls of fog
 F - 3 scrolls of immolation
 G - 3 scrolls of amnesia
 I - 2 scrolls of magic mapping
 V - a scroll of vulnerability
Potions
 c - 7 potions of curing
 d - 5 potions of flight
 g - 3 potions of cancellation
 m - 3 potions of mutation
 o - a potion of haste
 p - 2 potions of ambrosia
 s - a potion of resistance
 K - 2 potions of invisibility
 O - 6 potions of agility
 U - 3 potions of magic
 W - 4 potions of berserk rage
 Y - 5 potions of lignification
Miscellaneous
 Q - a fan of gales (inert)
Comestibles
 f - 47 rations


   Skills:
 + Level 12.6 Fighting
 + Level 7.0 Short Blades
 + Level 14.0 Dodging
 - Level 2.4 Stealth
 - Level 4.3 Shields
 - Level 14.0 Spellcasting
 - Level 11.9 Conjurations
 - Level 6.0 Charms
 - Level 5.0 Necromancy
 - Level 12.6 Fire Magic


You had 4 spell levels left.
You knew the following spells:

 Your Spells              Type           Power        Failure   Level  Hunger
a - Throw Flame           Conj/Fire      ######       1%          2    None
b - Conjure Flame         Conj/Fire      ######..     1%          3    None
c - Sticky Flame          Conj/Fire      ######..     1%          4    None
d - Fireball              Conj/Fire      ######....   1%          5    ##.....
e - Animate Skeleton      Necr           N/A          1%          1    None
f - Spellforged Servitor  Conj/Summ      ######....   45%         7    ######.
o - Ozocubu's Armour      Chrm/Ice       #####...     2%          3    None
p - Fulminant Prism       Conj/Hex       ######....   1%          4    None
r - Regeneration          Chrm/Necr      #####.....   1%          3    None
s - Swiftness             Chrm/Air       #####...     1%          2    None
x - Animate Dead          Necr           N/A          3%          4    None

Your spell library contained the following spells:

 Spells                   Type           Power        Failure   Level  Hunger
 Orb of Destruction       Conj           ######....   5%          7    ######.
 Flame Tongue             Conj/Fire      #####        0%          1    None
 Freeze                   Ice            ###.         1%          1    None
 Infusion                 Chrm           ####         1%          1    None
 Pain                     Necr           ####         1%          1    None
 Sting                    Conj/Pois      ####         1%          1    None
 Shroud of Golubria       Chrm/Tloc      #####.       1%          2    None
 Song of Slaying          Chrm           ######..     1%          2    None
 Throw Frost              Conj/Ice       ######       1%          2    None
 Ignite Poison            Fire/Tmut/Pois #####...     1%          3    None
 Inner Flame              Hex/Fire       ######..     1%          3    None
 Vampiric Draining        Necr           #####.....   1%          3    None
 Force Lance              Conj/Tloc      ######..     1%          4    None
 Throw Icicle             Conj/Ice       ######..     1%          4    None
 Spectral Weapon          Hex/Chrm       #####...     2%          3    None
 Summon Ice Beast         Ice/Summ       ###.....     28%         4    None
 Bolt of Magma            Conj/Fire/Erth ######....   1%          5    ##.....
 Bolt of Fire             Conj/Fire      ######....   1%          6    ####...
 Ignition                 Fire           ######....   26%         8    #######
 Ring of Flames           Chrm/Fire      ######....   45%         7    ######.


Dungeon Overview and Level Annotations

Branches:
Dungeon (15/15)            Temple (1/1) D:4            Lair (6/6) D:9
 Shoals (0/4) Lair:3       Spider (2/4) Lair:4        Slime (0/5) Lair:5
    Orc (2/2) D:9             Elf (0/3) Orc:2        Vaults (0/5) D:13
 Depths (0/5) D:15

Altars:
Ashenzari
Cheibriados
Dithmenos
Elyvilon
Fedhas
Gozag
Hepliaklqana
Kikubaaqudgha
Makhleb
Nemelex Xobeh
Okawaru
Qazlal
Ru
Sif Muna
Trog
Uskayaw
Vehumet
Wu Jian
Xom
Yredelemnul
Zin
The Shining One
Jiyva

Shops:
D:8 (   D:14 }   Orc:2 %((*[

Annotations:
D:15 1 runed translucent door
Lair:1 1 runed translucent door, fritzmikael's ghost, journeyman GnWn
Lair:2 teukkam's ghost, journeyman MiFi
Lair:3 exclusion: hydra, Fannar
Lair:5 exclusion: oklob plant


Message History

You block the entropy weaver's attack. x2; The entropy weaver hits you.
* * * LOW HITPOINT WARNING * * *
The entropy weaver hits you!
* * * LOW HITPOINT WARNING * * *
The redback completely misses you.
The entropy weaver hits you but does no damage.
The entropy weaver hits you.
* * * LOW HITPOINT WARNING * * *
The entropy weaver hits you but does no damage. x2
A wolf spider comes into view.
You feel yourself speed up.
The wolf spider hisses angrily.
The redback bites you.
* * * LOW HITPOINT WARNING * * *
You block the entropy weaver's attack.
The entropy weaver hits you but does no damage.
The entropy weaver hits you.
* * * LOW HITPOINT WARNING * * *
The entropy weaver hits you!
You die...

.. ...#. ....
....#.#†.#.#. .
....#..†#..^# ..
............#.s.
......#.s......#
.........s......
....#.#......#.
#....sa#.#....#
.....#†♣......^#
.... #.....^#..#
.. ..#..##...#
..#^.... ...#
..# ....... .##
. ...####..##
#... ... .#..
....


You could see an entropy weaver, an orb spider, a jumping spider, a tarantella
and a redback.

Vanquished Creatures
  Jorgrun (D:14)
  Agnes (D:13)
  An orc warlord (Orc:2)
  An emperor scorpion (Spider:1)
  The ghost of Irhican the Severer, a journeyman MiBe of Trog (Lair:2)
  The ghost of Baiviem the Impaler, a journeyman MfGl of Makhleb (Lair:2)
  Snorg (D:14)
  2 ogre magi (D:15)
  Erolcha (Orc:1)
  4 vault guards (D:13)
  9 hydras
  A centaur warrior (D:15)
  A catoblepas (Lair:6)
  5 death yaks (Lair:6)
  A deep troll shaman (Lair:6)
  11 two-headed ogres
  4 orc high priests
  Sonja (Lair:4)
  4 unseen horrors
  A flayed ghost (D:15)
  A deep elf archer (D:13)
  Pikel (D:4)
  2 harpies (shapeshifter) (D:15)
  5 orc sorcerers (Orc:2)
  4 ugly things
  2 orb spiders (Spider:1)
  4 orc knights
  6 wolf spiders
  7 cyclopes
  2 deep elf magi
  A manticore (D:12)
  13 elephants
  4 merfolk sirens (Lair:3)
  5 black mambas
  2 gargoyles
  A torpor snail (Spider:1)
  9 spiny frogs
  An efreet (D:15)
  2 demonic crawlers
  A freezing wraith (D:14)
  A komodo dragon (Lair:5)
  2 kobold demonologists (D:14)
  A rime drake (Lair:5)
  A polar bear (Lair:6)
  A meliai (shapeshifter) (D:15)
  2 jumping spiders (Lair:4)
  7 trolls
  A hornet (shapeshifter) (D:14)
  13 slime creatures
  9 blink frogs
  A meliai zombie (D:14)
  2 dream sheep (D:8)
  7 hippogriffs
  40 yaks
  16 redbacks
  A shadow (D:12)
  A spriggan (shapeshifter) (D:15)
  6 tarantellas
  3 basilisks
  7 humans (D:13)
  A vampire (D:15)
  2 wyverns
  A hog (shapeshifter) (D:15)
  Eustachio (D:4)
  3 hungry ghosts
  2 wargs
  2 acid dragons (D:11)
  A soldier ant (D:14)
  10 water moccasins
  23 orc warriors
  15 porcupines
  A black bear (Lair:6)
  3 slaves
  4 ice beasts
  3 phantoms
  6 sky beasts
  16 ogres
  10 centaurs
  3 eyes of draining
  4 boggarts (D:15)
  2 necrophages
  7 wolves
  11 crocodiles
  6 big kobolds
  Blork the orc (D:4)
  28 bullfrogs
  A gnoll sergeant (D:9)
  A water moccasin zombie (D:5)
  2 wyvern zombies
  2 wyvern skeletons
  2 scorpions
  10 killer bees
  3 howler monkeys
  14 wights
  5 centaur zombies
  5 crimson imps
  3 quasits (D:7)
  2 bullfrog zombies
  7 hounds
  18 jellies
  11 orc priests
  2 centaur skeletons
  3 bullfrog skeletons
  17 orc wizards
  6 worker ants
  Ijyb (D:3)
  A hound skeleton (D:5)
  3 worker ant zombies
  8 gnolls
  12 adders
  3 oozes
  An adder zombie (D:6)
  3 worms
  A dart slug (D:1)
  5 leopard geckos
  62 orcs
  5 ball pythons
  7 bats
  2 giant cockroaches
  5 hobgoblins
  14 jackals
  3 quokkas
  3 frilled lizards
  5 goblins
  A jackal skeleton (D:8)
  11 kobolds
  A leopard gecko skeleton (D:5)
  A leopard gecko zombie (D:6)
  A quokka zombie (D:7)
  5 rats
  A fulminant prism (D:15)
692 creatures vanquished.

Vanquished Creatures (collateral kills)
  2 elephants (Lair:4)
  A yak (Lair:2)
  3 water moccasins (Lair:2)
  2 wolves (Lair:4)
  A bullfrog (Lair:1)
  A fungus (Lair:4)
10 creatures vanquished.

Vanquished Creatures (others)
  A human (D:13)
  A wight (D:11)
  60 fulminant prisms
  4 fungi
  5 plants
  4 withered plants (Lair:3)
75 creatures vanquished.

Grand Total: 777 creatures vanquished

Notes
Turn   | Place    | Note
-------+----------+-------------------------------------------
     0 | D:1      | Gruesph the Deep Elf Fire Elementalist began the quest for
                  | the Orb.
     0 | D:1      | Reached XP level 1. HP: 10/10 MP: 6/6
     0 | D:1      | Noticed a centaur
    10 | D:1      | Noticed a naga
    12 | D:1      | Noticed a minotaur
    14 | D:1      | Noticed a centaur
    16 | D:1      | Noticed a centaur
    18 | D:1      | Noticed a dwarf
    20 | D:1      | Noticed a centaur
   582 | D:1      | Reached XP level 2. HP: 15/15 MP: 6/8
  1595 | D:2      | Reached XP level 3. HP: 17/19 MP: 6/10
  1616 | D:2      | Learned a level 3 spell: Conjure Flame
  2319 | D:2      | Reached XP level 4. HP: 24/24 MP: 4/12
  2628 | D:2      | Learned a level 4 spell: Sticky Flame
  2812 | D:3      | Found a burning altar of Makhleb.
  2813 | D:3      | Found an opulent altar of Gozag.
  2838 | D:3      | Noticed Ijyb
  2856 | D:3      | Killed Ijyb
  2856 | D:3      | Reached XP level 5. HP: 21/28 MP: 7/14
  3310 | D:3      | Reached skill level 5 in Spellcasting
  4313 | D:3      | Learned a level 2 spell: Throw Flame
  4400 | D:4      | Learned a level 1 spell: Animate Skeleton
  4468 | D:4      | Found a staircase to the Ecumenical Temple.
  4498 | D:4      | Noticed a slave
  4499 | D:4      | Noticed a slave
  4504 | D:4      | Noticed Pikel
  4510 | D:4      | Noticed a slave
  4517 | D:4      | Noticed a slave
  4519 | D:4      | Killed a slave
  4522 | Temple   | Entered the Ecumenical Temple
  4737 | Temple   | Killed a slave
  4738 | Temple   | Killed a slave
  4843 | D:4      | Killed Pikel
  4843 | D:4      | Reached skill level 5 in Fire Magic
  4843 | D:4      | Reached XP level 6. HP: 3/32 MP: 0/17
  4843 | D:4      | Reached XP level 7. HP: 4/36 MP: 0/18
  5112 | Temple   | Learned a level 5 spell: Fireball
  5302 | D:4      | Noticed Eustachio
  5308 | D:4      | Killed Eustachio
  5308 | D:4      | Reached skill level 5 in Conjurations
  5444 | D:4      | Noticed Blork the orc
  5473 | D:4      | Found Lulochy's Gadget Shop.
  5615 | D:4      | Reached skill level 1 in Fighting
  5996 | D:4      | Found a sparkling altar of Nemelex Xobeh.
  6140 | D:4      | Killed Blork the orc
  6140 | D:4      | Reached XP level 8. HP: 39/43 MP: 11/20
  6260 | D:5      | Entered Level 5 of the Dungeon
  6399 | D:5      | Found a hide-covered altar of Uskayaw.
  6518 | D:5      | Found a radiant altar of Vehumet.
  6561 | D:5      | Found a snail-covered altar of Cheibriados.
  6567 | D:5      | Became a worshipper of Vehumet
  6569 | D:5      | Found a shattered altar of Ashenzari.
  6570 | D:5      | Found a glowing silver altar of Zin.
  6570 | D:5      | Found a sparkling altar of Nemelex Xobeh.
  6570 | D:5      | Found a shadowy altar of Dithmenos.
  6571 | D:5      | Found a sacrificial altar of Ru.
  6573 | D:5      | Found a stormy altar of Qazlal.
  6574 | D:5      | Found a blossoming altar of Fedhas.
  6575 | D:5      | Found an ancient bone altar of Kikubaaqudgha.
  8246 | D:6      | Reached * piety under Vehumet
  8246 | D:6      | Offered knowledge of Shock by Vehumet.
  8246 | D:6      | Reached XP level 9. HP: 51/51 MP: 18/23
  9098 | D:7      | Reached skill level 1 in Shields
  9605 | D:7      | Found the +8 longbow "Zephyr" {speed, Dex+3 SInv}
 10870 | D:8      | Reached skill level 5 in Fighting
 10874 | D:8      | Offered knowledge of Throw Frost by Vehumet.
 10879 | D:8      | Reached ** piety under Vehumet
 10933 | D:8      | Noticed a two-headed ogre
 10960 | D:7      | Killed a two-headed ogre
 10960 | D:7      | Reached XP level 10. HP: 42/60 MP: 6/24
 11200 | D:7      | Identified a scroll of acquirement
 11200 | D:7      | Identified the Disquisition on Combat Magic (You acquired
                  | it on level 7 of the Dungeon)
 11581 | D:8      | Found Hazxigez's Antique Weapon Shop.
 11862 | D:8      | Noticed a two-headed hydra
 11871 | D:8      | Killed a two-headed hydra
 12555 | D:8      | Noticed a two-headed ogre
 12563 | D:8      | Killed a two-headed ogre
 12563 | D:8      | Reached skill level 10 in Spellcasting
 12948 | D:9      | Offered knowledge of Dazzling Spray by Vehumet.
 13110 | D:9      | Found a staircase to the Lair.
 13657 | D:9      | Reached *** piety under Vehumet
 13657 | D:9      | Reached XP level 11. HP: 67/67 MP: 12/27
 14035 | D:9      | Found a staircase to the Orcish Mines.
 14039 | D:9      | Offered knowledge of Fulminant Prism by Vehumet.
 14136 | D:9      | Learned a level 4 spell: Fulminant Prism
 14247 | D:9      | Got a polished cloak
 14248 | D:9      | Identified the cursed +0 cloak "Uxkalecu" {Str+3 Int+2}
                  | (You found it on level 9 of the Dungeon)
 14406 | D:10     | Entered Level 10 of the Dungeon
 14453 | D:10     | Identified the Grimoire of the Camelopard
 14458 | D:10     | Learned a level 2 spell: Swiftness
 14613 | D:10     | Got a sparkling lead ring
 14896 | D:10     | Noticed a two-headed ogre
 14911 | D:10     | Killed a two-headed ogre
 15026 | D:10     | Noticed a two-headed ogre
 15030 | D:10     | Reached skill level 10 in Fire Magic
 15042 | D:10     | Killed a two-headed ogre
 15310 | D:10     | Identified the ring of Nusoto {*Tele +Inv rC+ rN++ Dex-5}
                  | (You found it on level 10 of the Dungeon)
 15392 | D:11     | You fall into a shaft and drop 1 floor!
 15563 | D:12     | Reached skill level 1 in Charms
 15571 | D:12     | Noticed a two-headed ogre
 15601 | D:12     | Reached skill level 10 in Conjurations
 15981 | D:12     | Killed a two-headed ogre
 16296 | D:10     | Learned a level 3 spell: Regeneration
 16370 | D:11     | Reached **** piety under Vehumet
 16373 | D:11     | Offered knowledge of Venom Bolt by Vehumet.
 16763 | D:11     | Reached skill level 5 in Dodging
 16763 | D:11     | Reached skill level 5 in Charms
 16769 | D:11     | Reached XP level 12. HP: 53/75 MP: 17/28
 18858 | D:12     | Noticed a four-headed hydra
 18864 | D:12     | Killed a four-headed hydra
 19707 | D:12     | Learned a level 4 spell: Animate Dead
 19781 | Lair:1   | Entered Level 1 of the Lair of Beasts
 20596 | Lair:1   | Found a runed translucent door.
 20596 | Lair:1   | Found a shimmering altar of Xom.
 20596 | Lair:1   | Noticed fritzmikael's ghost (journeyman GnWn)
 20625 | Lair:1   | Noticed a five-headed hydra
 20778 | Lair:1   | Killed a five-headed hydra
 21113 | Lair:2   | Reached skill level 5 in Necromancy
 22331 | Lair:3   | Reached XP level 13. HP: 58/81 MP: 5/30
 22340 | Lair:3   | Reached ***** piety under Vehumet
 22349 | Lair:3   | Offered knowledge of Spellforged Servitor by Vehumet.
 22366 | Lair:2   | Learned a level 7 spell: Spellforged Servitor
 22609 | Lair:3   | Found a runed translucent gate.
 22635 | Lair:3   | Noticed Fannar
 22654 | Lair:3   | Found a runed translucent gate.
 22671 | Lair:3   | Noticed teukkam's ghost (journeyman MiFi)
 22677 | Lair:3   | Noticed Baiviem's ghost (journeyman MfGl)
 22679 | Lair:3   | Reached skill level 10 in Fighting
 22680 | Lair:3   | Noticed Irhican's ghost (journeyman MiBe)
 22713 | Lair:3   | Found a runed translucent gate.
 22715 | Lair:3   | Found a staircase to the Shoals.
 24069 | Lair:4   | Reached skill level 10 in Dodging
 24786 | Lair:4   | Noticed Sonja
 24892 | Lair:4   | Killed Sonja
 25099 | Lair:4   | Got a faintly glowing bronze ring
 25290 | Lair:4   | Found a hole to the Spider Nest.
 25609 | Lair:4   | Identified the ring "Dyoj Ysike" {+Fly MR+ Str+4} (You
                  | found it on level 4 of the Lair of Beasts)
 27431 | Lair:5   | Found a staircase to the Slime Pits.
 27823 | Lair:6   | Entered Level 6 of the Lair of Beasts
 28714 | Lair:6   | Reached XP level 14. HP: 88/88 MP: 33/33
 29606 | Lair:6   | Offered knowledge of Bolt of Cold by Vehumet.
 29933 | Orc:1    | Entered Level 1 of the Orcish Mines
 30546 | Orc:1    | Noticed Erolcha
 30556 | Orc:1    | Killed Erolcha
 30678 | Orc:2    | Entered Level 2 of the Orcish Mines
 30685 | Orc:2    | Noticed an orc warlord
 30768 | Orc:2    | Found a staircase to the Elven Halls.
 31426 | Orc:2    | Killed an orc warlord
 32022 | Orc:2    | Found Okir's Armour Emporium.
 32073 | Orc:2    | Offered knowledge of Lightning Bolt by Vehumet.
 32779 | Orc:2    | Found Ilyg's General Store.
 32784 | Orc:2    | Found Veitim's Antique Weapon Boutique.
 32903 | Orc:2    | Bought a glowing demon whip for 360 gold pieces
 32903 | Orc:2    | Bought a faintly glowing hunting sling for 130 gold pieces
 32903 | Orc:2    | Found Myucemorr's Food Boutique.
 32964 | Orc:2    | Found Ixassuda's Weapon Shoppe.
 32984 | Orc:2    | Identified the +5 hunting sling of the Dark Horse
                  | {velocity, rElec} (You bought it in a shop on level 2 of
                  | the Orcish Mines)
 33282 | Lair:2   | Killed Irhican's ghost
 33440 | Lair:3   | Reached skill level 1 in Short Blades
 34390 | D:13     | Found an iron altar of Okawaru.
 35089 | D:13     | Found a gate to the Vaults.
 35226 | D:13     | Reached XP level 15. HP: 86/95 MP: 18/35
 36000 | D:14     | Noticed Agnes
 36030 | D:13     | Killed Agnes
 36330 | D:14     | Noticed Snorg
 36335 | D:14     | Killed Snorg
 36600 | D:14     | Offered knowledge of Poison Arrow by Vehumet.
 36790 | D:14     | Noticed Jorgrun
 36794 | D:14     | Killed Jorgrun
 37116 | D:14     | Found a shimmering altar of Xom.
 37429 | D:14     | Found Ughurischeph's Gadget Emporium.
 37930 | D:15     | Entered Level 15 of the Dungeon
 37968 | D:15     | Reached skill level 5 in Short Blades
 38716 | D:15     | Got an ancient war axe
 38717 | D:15     | Identified the cursed +1 war axe of Itsu {pain, *Drain
                  | rElec rPois MR+++} (You found it on level 15 of the
                  | Dungeon)
 38790 | D:15     | Found a runed translucent door.
 39654 | D:15     | Found a staircase to the Depths.
 39763 | D:15     | Learned a level 3 spell: Ozocubu's Armour
 39987 | Lair:2   | Killed Baiviem's ghost
 40167 | Spider:1 | Entered Level 1 of the Spider Nest
 40708 | Lair:4   | Offered knowledge of Orb of Destruction by Vehumet.
 41800 | Spider:2 | HP: 6/145 [redback (4)]
 41800 | Spider:2 | Slain by an entropy weaver

Levels and vault maps discovered:
D:1:      shiori_arrival_whats_in_store_for_you, layout_loops_corners,
          serial_rivers, chequers_serial_rivers_micro_c,
          chequers_serial_rivers_micro_c, chequers_serial_rivers_room_a,
          chequers_serial_rivers_small_3, chequers_serial_rivers_micro_d,
          chequers_serial_rivers_room_b
D:2:      layout_loops_ring, grunt_ministairs_6, st_stairs_7
D:3:      layout_basic, grunt_temple_overflow_open, uniq_ijyb
D:4:      layout_loops_corners, temple_pool_b, first_ration, serial_shops,
          nicolae_shop_window_shopping, nemelex_lonely_heart_becter,
          uniq_blork_the_orc, uniq_eustachio, uniq_pikel
D:5:      minmay_angry_zag, layout_rooms, old_standard_altar, minitemple,
          due_unseen_surprise
D:6:      layout_basic
D:7:      cheibrodos_quashed, layout_loops_ring, lightli_orcish_oven
D:8:      layout_loops_ring, serial_shops, shop, hangedman_ranch
          [blue_anna_fruit_fields], grunt_ministairs_15
D:9:      layout_rooms, lair_entry_dummy, kennysheep_orc_monster_closet_entryway
D:10:     layout_cave_pools
D:11:     layout_basic
D:12:     layout_loops_ring
D:13:     layout_long_grid, ximxim_vaults_locker_room, basic_altar
D:14:     layout_small_grid, serial_shops, kennysheep_mini, basic_altar,
          uniq_jorgrun, uniq_snorg, uniq_agnes
D:15:     gammafunk_enter_depths_forms, layout_long_grid,
          minmay_misc_feat_cross, minmay_hidden_floor
Temple:   pf_slime_end_temple
Lair:1:   layout_hall_layers, ebering_ghost_xom, beast_lair_carwin_10
Lair:2:   layout_hall_layers, serial_bayou_shore_a
Lair:3:   layout_misc_corridors, elwin_shoals_entry_stream,
          gammafunk_ghost_cemetery, uniq_fannar
Lair:4:   layout_cave_pods, nicolae_spider_entry_tight_spaces, serial_forest,
          infiniplex_forest_clump_curved, infiniplex_forest_straight_2,
          infiniplex_forest_lined_1, infiniplex_forest_lined_4_way,
          gauntlet_entry_generic, serial_bayou_pond_b, uniq_sonja
Lair:5:   layout_concentric_octagons, minmay_slime_entry_jelly_boxes,
          minmay_lair_oklob_bushes
Lair:6:   grunt_lair_end_beastmaster, layout_gridlike,
          infiniplex_staircase_pool_2
Spider:1: layout_spider_delve
Spider:2: layout_spider_delve
Orc:1:    layout_caves, uniq_erolcha
Orc:2:    st_orc_elflike, layout_diamond_mine, serial_shops, shop

Skill      XL: |  1  2  3  4  5  6  7  8  9 10 11 12 13 14 15 |
---------------+----------------------------------------------+-----
Conjurations   | 2 3 4 5 6 7 8 10 11 | 11.9
Fire Magic     | 4 5 6 7 9 10 11 12 | 12.6
Spellcasting   | 4 6 7 8 10 11 13 14 | 14.0
Necromancy     | 3 5 |  5.0
Fighting       | 1 3 5 7 8 9 10 11 12 | 12.6
Shields        | 4 |  4.3
Charms         | 5 6 |  6.0
Dodging        | 5 8 10 12 14 | 14.0
Short Blades   | 2 7 |  7.0
Stealth        | |  2.4

Action                   |  1- 3 |  4- 6 |  7- 9 | 10-12 | 13-15 || total
-------------------------+-------+-------+-------+-------+-------++-------
Melee: Dagger            |     3 |       |       |     1 |   187 ||   191
       Whip              |       |       |    54 |   122 |       ||   176
       Staff             |       |       |       |       |     1 ||     1
 Fire: Hunting sling     |    36 |    67 |   122 |    38 |    11 ||   274
       Longbow           |       |       |       |    27 |    69 ||    96
Throw: Dart              |       |       |       |     6 |       ||     6
 Cast: Flame Tongue      |    45 |    39 |       |       |       ||    84
       Conjure Flame     |     3 |     3 |    10 |    11 |     3 ||    30
       Throw Flame       |       |    11 |   186 |   394 |   687 ||  1278
       Sticky Flame      |       |     2 |    14 |    49 |   152 ||   217
       Animate Skeleton  |       |     1 |       |       |       ||     1
       Fireball          |       |       |     2 |    42 |   167 ||   211
       Fulminant Prism   |       |       |       |    15 |    46 ||    61
       Swiftness         |       |       |       |     5 |    16 ||    21
       Regeneration      |       |       |       |     2 |     3 ||     5
       Animate Dead      |       |       |       |     8 |     8 ||    16
       Ozocubu's Armour  |       |       |       |       |    11 ||    11
Evoke: Wand              |       |     4 |     4 |     1 |     7 ||    16
       Fan of gales      |       |       |       |       |     2 ||     2
  Use: Scroll            |       |    11 |    10 |    14 |    18 ||    53
       Potion            |       |       |       |     5 |     8 ||    13
  Eat: Chunk             |     6 |     8 |    27 |    20 |    45 ||   106
       Ration            |       |       |       |     4 |     5 ||     9
Armor: Robe              |     3 |     8 |     6 |       |       ||    17
       Leather armour    |       |       |    20 |    63 |    42 ||   125
       Acid dragon scale |       |       |       |       |    14 ||    14
       Troll leather arm |       |       |       |       |    70 ||    70
       Skin              |       |       |       |       |    10 ||    10
Dodge: Dodged            |    13 |    26 |   105 |   220 |   515 ||   879
Block: Buckler           |       |       |     5 |    58 |   121 ||   184
